 Dungeon Crawl Stone Soup version 0.25.1-2-g60ff931df9 (webtiles) character file.

Game seed: 3467520044106695990

85 Cazemata the Slasher (level 4, -15/35 HPs)
             Began as a Demonspawn Berserker on Oct 16, 2020.
             Was a Follower of Trog.
             Demolished by an ogre
             ... wielding a cursed +0 giant spiked club
              (29 damage)
             ... on level 4 of the Dungeon on Oct 17, 2020.
             The game lasted 00:05:47 (1925 turns).

Cazemata the Slasher (Demonspawn Berserker)         Turns: 1925, Time: 00:05:48

Health: -15/35     AC:  8    Str: 18    XL:     4   Next: 25%
Magic:  4/4        EV: 11    Int:  8    God:    Trog [*.....]
Gold:   53         SH:  0    Dex: 13    Spells: 3/3 levels left

rFire    . . .     SeeInvis .   a - +1 falchion
rCold    + . .     Gourm    .   (no shield)
rNeg     . . .     Faith    .   e - +1 ring mail
rPois    .         Spirit   .   (no helmet)
rElec    .         Reflect  .   (no cloak)
rCorr    .         Harm     .   (no gloves)
MR       .....                  (no boots)
Stlth    +.........             (no amulet)
HPRegen  0.11/turn              (no ring)
MPRegen  0.09/turn              (no ring)

@: no status effects
A: yellow scales 1, cold resistance 1, powered by death 1
a: Berserk, Renounce Religion


You were on level 4 of the Dungeon.
You worshipped Trog.
Trog was aware of your devotion.
You were very hungry.

You visited 1 branch of the dungeon, and saw 3 of its levels.

You collected 53 gold pieces.

Inventory:

Hand Weapons
 a - a +1 falchion (weapon)
 f - a +0 vorpal mace
Missiles
 h - 3 javelins (quivered)
Armour
 b - a +0 animal skin
 e - a +1 ring mail (worn)
Scrolls
 g - 2 scrolls of immolation
 j - 2 scrolls of teleportation {unknown}
 o - a scroll of enchant armour
Potions
 d - a potion of cancellation {unknown}
 i - 2 potions of haste {unknown}
 k - a potion of magic {unknown}
 l - a potion of degeneration {unknown}
 m - 2 potions of might {unknown}
 n - a potion of mutation {unknown}
Comestibles
 c - 6 rations


   Skills:
 - Level 3.3 Fighting
 + Level 4.4 Long Blades
 - Level 1.8 Armour
 - Level 1.8 Dodging


You had 3 spell levels left.
You didn't know any spells.
Your spell library was empty.

Dungeon Overview and Level Annotations

Branches:
Dungeon (4/15)
 Temple: D:4-7

Altars:


Innate Abilities, Weirdness & Mutations

You are partially covered in yellow scales. (AC +2)
Your flesh is cold resistant. (rC+)
You regenerate a little health from kills.


Message History

The adder bites you but does no damage. The adder bites you.
You hit the adder but do no damage.
The adder is severely wounded.
The adder barely misses you.
You riposte.
You barely miss the adder.
The adder is severely wounded.
You slash the adder!
You kill the adder!
Trog accepts your kill.
Found a whip.
You see here a short sword.
c - 6 rations (gained 1)
Found 9 gold pieces.
Found a scroll labeled IDAIKI BOET.
An ogre comes into view. It is wielding a +0 giant spiked club.
Found 10 gold pieces.
The ogre hits you with a cursed +0 giant spiked club!
You barely miss the ogre.
The ogre hits you with a cursed +0 giant spiked club!!
Ouch! That really hurt!
You die...

..... #.<.....)..
......##.. #..........
.........####.#........
#
#.#..#.......######...
#.#..#...###...# #.#.
.............#..# ..>##
.^.......$.####.#
#.#### ...........#
..#.. ......O@...# #.#.
..........## ..
............# #..
...$.........#
........?....#
...............
................
.....#####..#...


You could see an ogre.

Vanquished Creatures
  3 adders
  An ooze (D:1)
  3 worms (D:2)
  2 leopard geckos (D:1)
  3 bats (D:1)
  A giant cockroach (D:2)
  7 goblins (D:1)
  9 hobgoblins
  2 jackals (D:2)
  2 kobolds
  2 frilled lizards (D:2)
  7 rats
42 creatures vanquished.

Notes
Turn   | Place    | Note
-------+----------+-------------------------------------------
     0 | D:1      | Cazemata the Demonspawn Berserker began the quest for the
                  | Orb.
     0 | D:1      | Reached XP level 1. HP: 18/18 MP: 1/1
   456 | D:1      | Reached skill level 3 in Long Blades
   466 | D:1      | Gained mutation: You are partially covered in yellow
                  | scales. (AC +2) [demonic ancestry]
   466 | D:1      | Reached XP level 2. HP: 4/24 MP: 2/2
   890 | D:1      | Gained mutation: Your flesh is cold resistant. (rC+)
                  | [demonic ancestry]
   890 | D:1      | Reached XP level 3. HP: 22/29 MP: 3/3
  1396 | D:2      | Reached skill level 4 in Long Blades
  1709 | D:2      | Gained mutation: You regenerate a little health from kills.
                  | [demonic ancestry]
  1709 | D:2      | Reached XP level 4. HP: 35/35 MP: 4/4
  1888 | D:2      | You fall into a shaft and drop 2 floors!
  1921 | D:4      | Noticed an ogre
  1925 | D:4      | Demolished by an ogre

Illustrated notes

Levels and vault maps discovered:
D:1:      dpeg_arrival_round_c, layout_basic, minivault_5
D:2:      layout_loops_ring, first_ration, makhleb_heckhound_becter
D:4:      layout_rooms, uniq_crazy_yiuf_cottage

Skill      XL: |  1  2  3 |
---------------+----------+-----
Long Blades    | 3 4 |  4.4
Fighting       | |  3.3
Armour         | |  1.8
Dodging        | |  1.8

Action                   |  1- 3 |  4- 6 || total
-------------------------+-------+-------++-------
Melee: Falchion          |    88 |    21 ||   109
  Use: Scroll            |     4 |       ||     4
  Eat: Chunk             |     1 |     1 ||     2
Armor: Animal skin       |    11 |       ||    11
       Ring mail         |    11 |     6 ||    17
Dodge: Dodged            |    73 |     8 ||    81
       Rpst.: Falchion   |    28 |     2 ||    30
